 Dungeon Crawl Stone Soup version 0.31.0-4-g52a2dc7128 (webtiles) character file.

Game seed: 14709349791350490141

6736 Datul the Fiendish (level 10, -5/65 HPs)
             Began as a Demonspawn Shapeshifter on Jan 19, 2024.
             Was a Priest of Makhleb.
             Slain by an eight-headed hydra (14 damage)
             ... in a Gauntlet on Jan 22, 2024.
             The game lasted 00:47:44 (8079 turns).

Datul the Fiendish (Demonspawn Shapeshifter)        Turns: 8079, Time: 00:47:44

Health: -5/65      AC:  5    Str: 14    XL:     10   Next: 75%
Magic:  18/18      EV: 16    Int: 16    God:    Makhleb [***...]
Gold:   441        SH:  0    Dex: 15    Spells: 7/9 levels left

rFire   . .          .
                       - Unarmed
rCold   . . .        (shield currently unavailable)
rNeg    . . .        q - melded +0 acid dragon scales
rPois   +            j - +1 helmet {Int+3}
rElec   .            m - +0 cloak
rCorr   .            (no gloves)
SInv    .            (no boots)
Will    .....        n - amulet of regeneration
Stlth   +            l - ring of poison resistance
HPRegen 1.10/turn    (no ring)
MPRegen 0.32/turn

%: no teleportation
@: mighty, flux-form, slowed, glowing, very slow
A: glow, contaminating, hooves 2, icy blue scales 1, magic regeneration
a: Begin Untransformation, Renounce Religion, Minor Destruction, Lesser Servant
of Makhleb


You were in a Gauntlet.
You worshipped Makhleb.
Makhleb was most pleased with you.
You were something dangerously unstable.
You visited 3 branches of the dungeon, and saw 10 of its levels.
You also visited: Sewer and Gauntlet.

You collected 441 gold pieces.

Inventory:

Missiles
 f - 28 poisoned darts (quivered)
 B - 3 javelins
Armour
 j - a +1 helmet of intelligence (worn)
 m - a +0 cloak (worn)
 q - +0 acid dragon scales (melded)
 u - a +2 hat
 C - the +0 robe of Sloth {rF- rC++ Stlth+}
   (You found it on level 7 of the Dungeon)

   rF-:       It makes you vulnerable to fire.
   rC++:      It greatly protects you from cold.
   Stlth+:    It makes you more stealthy.
 G - the +0 pair of boots of Xuextoca {Dex+4}
   (You found it in a Gauntlet)

   Dex+4:     It affects your dexterity (+4).
Jewellery
 l - a ring of poison resistance (left hand)
 n - an amulet of regeneration (around neck)
 v - a ring of flight
 w - an amulet of the acrobat
 A - an amulet of magic regeneration
Talismans
 c - a beast talisman
 d - a flux talisman (active)
Wands
 o - a wand of flame (16)
Scrolls
 a - a scroll of blinking {unknown}
 h - a scroll of fog
 i - 2 scrolls of revelation
 p - a scroll of butterflies
 y - a scroll of torment {unknown}
 z - 2 scrolls of teleportation
 E - a scroll of vulnerability {unknown}
 F - a scroll of silence
Potions
 b - a potion of lignification
 e - 8 potions of curing
 g - 3 potions of cancellation
 k - 2 potions of berserk rage
 r - 3 potions of mutation
 s - a potion of might
 t - 3 potions of attraction
 x - 5 potions of heal wounds
 D - 2 potions of brilliance


   Skills:
 + Level 1.0 Fighting
 - Level 1.7 Dodging
 + Level 9.5 Unarmed Combat
 + Level 11.6 Invocations
 + Level 8.7 Shapeshifting


You had 7 spell levels left.
You knew the following spells:

 Your Spells              Type           Power      Damage    Failure   Level
a - Blink                 Tloc           0%         N/A       36%         2

Your spell library contained the following spells:

 Spells                   Type           Power      Damage    Failure   Level
 Magic Dart               Conj           0%         1d3       26%         1
 Shock                    Conj/Air       0%         1d3       26%         1
 Call Imp                 Summ           0%         N/A       36%         2
 Jinxbite                 Hex            0%         N/A       36%         2
 Scorch                   Fire           0%         2d5       36%         2
 Fugue of the Fallen      Necr           0%         N/A       58%         3
 Ozocubu's Armour         Ice            0%         N/A       58%         3
 Swiftness                Air            0%         N/A       58%         3
 Airstrike                Air            0%         2d(0-16)  94%         4
 Flame Wave               Conj/Fire      0%         2d4       94%         4
 Manifold Assault         Tloc           0%         N/A       94%         4
 Yara's Violent Unravell  Hex/Alch       0%         3d3       100%        5
 Summon Cactus Giant      Summ           0%         N/A       100%        6
 Enfeeble                 Hex            0%         N/A       100%        7


Dungeon Overview and Level Annotations

Branches:
Dungeon (8/15) Zot: 26369  Temple (1/1) D:6 Zot: 5998    Lair (1/5) D:8 Zot: 5591
  Sewer (visited)         Gauntlet (1/1) Zot: 5621

Altars:
Ashenzari
Cheibriados
Dithmenos
Fedhas
Gozag
Kikubaaqudgha
Makhleb
Nemelex Xobeh
Okawaru
Ru
Sif Muna
Trog
Vehumet
Xom
Yredelemnul

Annotations:
D:5 1 runed translucent door, Crazy Yiuf Gauntlet 7 transporters, 2 runed translucent doors


Innate Abilities, Weirdness & Mutations

You are something dangerously unstable.
You glow with magical radiation, making you easy to see and hit.
Foes you strike become dangerously contaminated with magical radiation.
You are incapable of wielding weapons or throwing items.
You have hoof-like feet.
You are partially covered in icy blue scales. (AC +2)
You regenerate magic rapidly.


Message History

The torpor snail briefly extends its eye-stalks.
You see here the +0 pair of boots of Xuextoca {Dex+4}.
A demon appears!
Being near the torpor snail leaves you feeling lethargic.
The eight-headed hydra bites your smoke demon! x2
The eight-headed hydra barely misses your smoke demon.
The eight-headed hydra bites your smoke demon!
Your smoke demon dies!
Your smoke demon disappears in a puff of smoke!
You take 3 damage, and have 62/65 hp.
G - the +0 pair of boots of Xuextoca {Dex+4} Health restored: 65 A demon appears!
The eight-headed hydra bites you. The eight-headed hydra bites you!
The eight-headed hydra completely misses you.
The eight-headed hydra barely misses you.
The eight-headed hydra completely misses you.
The eight-headed hydra bites you but does no damage.
The eight-headed hydra bites you! x2
* * * LOW HITPOINT WARNING * * *
You take 41 damage, and have 24/65 hp.
MASSIVE DAMAGE!!
Unknown command.
You feel much better.
The eight-headed hydra closely misses you.
The eight-headed hydra bites you but does no damage.
The eight-headed hydra closely misses you.
The eight-headed hydra barely misses you.
The eight-headed hydra closely misses you.
The eight-headed hydra barely misses you.
The eight-headed hydra bites you! The eight-headed hydra misses you.
The torpor snail bites your ynoxinul!
Your ynoxinul hits the eight-headed hydra.
The eight-headed hydra completely misses you.
The eight-headed hydra bites you. x2; The eight-headed hydra bites you!
* * * LOW HITPOINT WARNING * * *
The eight-headed hydra bites you but does no damage. x2
The eight-headed hydra bites you.
* * * LOW HITPOINT WARNING * * *
The eight-headed hydra bites you!
You die...

......#.⌠.....#.....⌠.#......
#######...#########...#.©.##.
#.†...#.⌠.#.......#.∩.#...#
#.###.#...#..#.#.$#...#.⌠.#
###...#.⌠.#..#.#.?#..##.....
..©..©#©.©#..#©#w©#.## .⌠.##
###...#####..#.#3.#.≈## .#
#.###.#...#..#.#D.#.≈≈#
#...†.#.⌠.#.....p.#.≈##
#######...#########.##
....................≈#
≈≈#≈≈≈#≈≈≈#≈≈≈#≈≈≈#≈≈≈#
≈###≈###≈###≈###≈###≈## ##
### ### ### ### ##


You could see an eight-headed hydra (ally target), a torpor snail and a friendly
ynoxinul (summoned, slow).

Vanquished Creatures
  2 komodo dragons (Lair:1)
  A hornet (D:8)
  A wyvern (Lair:1)
  5 yaks
  A basilisk (Lair:1)
  A steam dragon (D:8)
  2 water moccasins
  An ice beast (D:7)
  A sky beast (D:7)
  2 orc warriors
  2 centaurs
  3 kobold brigands
  Blork the orc (D:6)
  3 bullfrogs
  3 scorpions
  2 wights (D:8)
  2 jellies (D:5)
  4 orc priests
  4 hounds
  2 sleepcaps
  Jessica (D:1)
  2 hell rats (Lair:1)
  3 iguanas
  Natasha (twice) (D:2 D:1)
  9 orc wizards
  12 adders
  A river rat (Sewer)
  2 shadow imps (D:6)
  3 white imps (D:6)
  4 ufetubi (D:6)
  A ribbon worm (D:2)
  2 dart slugs
  26 orcs
  6 ball pythons
  9 endoplasms
  4 giant cockroaches
  5 goblins
  9 hobgoblins
  7 jackals
  10 kobolds
  A quokka (D:2)
  5 bats
  6 frilled lizards
  9 rats
  A spectral hobgoblin (D:2)
183 creatures vanquished.

Vanquished Creatures (collateral kills)
  A two-headed ogre (D:8)
  Maggie (D:6)
  A torpor snail (Gauntlet)
  A hornet (D:8)
  2 yaks
  A steam dragon (D:6)
  Edmund (D:6)
  A water moccasin (Lair:1)
  Duvessa (D:6)
  A crocodile (Sewer)
  A brain worm (Sewer)
  Dowan (D:6)
  2 hell rats (Lair:1)
  An adder (Sewer)
  3 river rats (Sewer)
  An orc (D:6)
  A ball python (Sewer)
  2 jackals (Sewer)
  A frilled lizard (Sewer)
  2 rats (Sewer)
26 creatures vanquished.

Grand Total: 209 creatures vanquished

Notes
Turn   | Place    | Note
-------+----------+-------------------------------------------
     0 | D:1      | Datul the Demonspawn Shapeshifter began the quest for the
                  | Orb.
     0 | D:1      | Reached XP level 1. HP: 15/15 MP: 1/1
   178 | D:1      | Gained mutation: You have large cloven feet. [demonic
                  | ancestry]
   178 | D:1      | Reached XP level 2. HP: 15/21 MP: 2/2
   676 | D:2      | Noticed Jessica
   692 | D:1      | Killed Jessica
   693 | D:1      | Reached XP level 3. HP: 22/26 MP: 3/3
   780 | D:2      | Upgraded the game from 0.31.0 to 0.31.0-4-g52a2dc7128
   836 | D:2      | Reached XP level 4. HP: 28/32 MP: 4/4
   873 | D:2      | Found a faded altar of an unknown god.
   889 | D:2      | Prayed at the altar of an unknown god.
   889 | D:2      | Became a worshipper of Makhleb the Destroyer
   889 | D:2      | Reached * piety under Makhleb
   939 | D:2      | Noticed Natasha
   972 | D:2      | Killed Natasha
  1082 | D:2      | Noticed Natasha
  1148 | D:1      | Killed Natasha
  1329 | D:2      | Reached XP level 5. HP: 33/37 MP: 5/5
  1625 | D:3      | You fall into a shaft and drop 2 floors!
  1625 | D:5      | Entered Level 5 of the Dungeon
  1694 | D:5      | Reached skill level 1 in Invocations
  1769 | D:5      | Reached skill level 2 in Invocations
  1769 | D:5      | Gained mutation: You regenerate magic rapidly. [demonic
                  | ancestry]
  1769 | D:5      | Reached XP level 6. HP: 31/43 MP: 7/7
  2089 | D:3      | Reached ** piety under Makhleb
  2258 | D:3      | Reached skill level 5 in Unarmed Combat
  2343 | D:3      | Reached skill level 3 in Invocations
  2608 | D:4      | Found an iron altar of Okawaru.
  2660 | D:4      | Reached XP level 7. HP: 25/48 MP: 9/9
  2816 | D:4      | Learned a level 2 spell: Blink
  3348 | D:5      | Found a sparkling altar of Nemelex Xobeh.
  3432 | D:5      | Reached skill level 4 in Invocations
  3432 | D:5      | Reached skill level 5 in Shapeshifting
  3545 | D:5      | Found a sacrificial altar of Ru.
  3565 | D:5      | Reached *** piety under Makhleb
  3685 | D:5      | Found a runed translucent door.
  3686 | D:5      | Noticed Crazy Yiuf
  3764 | D:5      | Reached skill level 5 in Invocations
  3899 | D:6      | Found a shimmering altar of Xom.
  3951 | D:6      | Noticed Maggie
  3968 | D:6      | Killed Maggie
  3969 | D:6      | Reached XP level 8. HP: 54/54 MP: 10/12
  3987 | D:6      | Found a staircase to the Ecumenical Temple.
  3998 | Temple   | Entered the Ecumenical Temple
  4012 | D:6      | Reached skill level 6 in Invocations
  4019 | D:6      | Found a glowing drain.
  4023 | Sewer    | Entered a sewer
  4967 | D:6      | Noticed Edmund
  4973 | D:6      | Killed Edmund
  4974 | D:6      | Reached skill level 7 in Invocations
  5092 | D:6      | Found a shimmering blue altar of Sif Muna.
  5331 | D:6      | Noticed Blork the orc
  5336 | D:6      | Killed Blork the orc
  5352 | D:6      | Noticed Dowan
  5352 | D:6      | Noticed Duvessa
  5355 | D:6      | Gained mutation: You are partially covered in icy blue
                  | scales. (AC +2) [demonic ancestry]
  5355 | D:6      | Reached XP level 9. HP: 57/59 MP: 14/14
  5367 | D:6      | Killed Duvessa
  5370 | D:6      | Killed Dowan
  5500 | D:6      | Reached skill level 8 in Invocations
  5930 | D:7      | Found a bloodstained altar of Trog.
  5962 | D:7      | Reached **** piety under Makhleb
  6517 | D:7      | Identified the +0 robe of Sloth {rF- rC++ Stlth+}
  6668 | D:8      | Reached skill level 9 in Invocations
  6756 | D:8      | Noticed a death yak
  6756 | D:8      | Noticed a two-headed ogre
  6763 | D:8      | Killed a two-headed ogre
  6768 | D:8      | Noticed a death yak
  6771 | D:8      | Noticed a death yak
  6990 | D:8      | Found a staircase to the Lair.
  7005 | D:8      | Found a blossoming altar of Fedhas.
  7039 | D:8      | Reached skill level 10 in Invocations
  7039 | D:8      | Gained mutation: You have hoof-like feet. [demonic
                  | ancestry]
  7039 | D:8      | Reached XP level 10. HP: 65/65 MP: 17/17
  7296 | Lair:1   | Entered Level 1 of the Lair of Beasts
  7580 | Lair:1   | Reached skill level 11 in Invocations
  7702 | Lair:1   | Found a gate leading to a gauntlet.
  7711 | Gauntlet | Entered a Gauntlet
  7711 | Gauntlet | Noticed a worldbinder
  7711 | Gauntlet | Found a transporter.
  7711 | Gauntlet | Found a transporter.
  7721 | Gauntlet | Found a transporter.
  7725 | Gauntlet | Found a transporter.
  7732 | Gauntlet | Noticed a spectral four-headed hydra
  7732 | Gauntlet | Noticed a death scarab
  7733 | Gauntlet | Found a transporter.
  7737 | Gauntlet | Found a transporter.
  7739 | Gauntlet | Noticed a reaper
  7741 | Gauntlet | Found a runed translucent door.
  7741 | Gauntlet | Found a runed translucent door.
  7745 | Gauntlet | Found a transporter.
  7761 | Gauntlet | Noticed an eight-headed hydra
  7762 | Gauntlet | Found a transporter.
  7769 | Gauntlet | Noticed a torpor snail
  7776 | Gauntlet | Found a transporter.
  7780 | Gauntlet | Found a transporter.
  7781 | Gauntlet | Noticed a torpor snail
  7791 | Gauntlet | Found a transporter.
  7792 | Gauntlet | Found a transporter.
  7837 | Gauntlet | Noticed an arcanist
  7841 | Gauntlet | Noticed a skeletal warrior
  7842 | Gauntlet | Noticed a skeletal warrior
  7842 | Gauntlet | Noticed a skeletal warrior
  7894 | Gauntlet | Killed a torpor snail
  8074 | Gauntlet | Identified the +0 pair of boots of Xuextoca {Dex+4}
  8079 | Gauntlet | Slain by an eight-headed hydra

Illustrated notes

Levels and vault maps discovered:
D:1:      mainiacjoe_arrival_oval_in_oval, layout_basic
D:2:      layout_rooms, dreamdust_ecumenical_altar_drowned_temple, serial_glass,
          glass_columns_b, glass_columns_a, minmay_tiny_reverse_x, uniq_jessica,
          uniq_natasha
D:3:      layout_rooms, lemuel_crystal_altar
D:4:      layout_basic, okawaru_metal_pillars_1_2
D:5:      cheibrodos_thug_alley, layout_basic, old_standard_altar,
          nicolae_ru_great_annihilating_truth, uniq_crazy_yiuf_cottage
D:6:      layout_loops_corners, lemuel_blue_sif_altar,
          lemuel_coloured_pillars_altar, minmay_temple_entry_glass,
          mainiacjoe_sewer_entry_somewhere_in_here_1, uniq_maggie,
          uniq_blork_the_orc, uniq_duvessa, uniq_edmund
D:7:      layout_basic, mainiacjoe_overflow_catwalk
D:8:      layout_cave_pods, amcnicky_altar_gilded, lemuel_doored_altar,
          nzn_wu_jian_contemplation, dpeg_lair_monsters, minmay_fountain_box,
          st_stairs_5, chequers_big_river
Temple:   nicolae_temple_two_arcs
Lair:1:   layout_gridlike, gauntlet_entry_generic
Gauntlet: minmay_gauntlet_77_indecision [minmay_gauntlet_arena_77_museum,
          minmay_gauntlet_arena_77_mess, minmay_gauntlet_arena_77_hold_the_fort,
          minmay_gauntlet_arena_77_mirror, minmay_gauntlet_arena_77_shame_cube,
          minmay_gauntlet_arena_77_chump_sandwich, gauntlet_exit_hidden_loot]

Skill      XL: |  1  2  3  4  5  6  7  8  9 10 |
---------------+-------------------------------+-----
Unarmed Combat | 3 4 5 6 7 8 9 |  9.5
Shapeshifting  | 3 4 5 6 7 8 |  8.7
Invocations    | 2 3 5 7 10 11 | 11.6
Fighting       | |  1.0
Dodging        | |  1.7

Action                     |  1- 3 |  4- 6 |  7- 9 | 10-12 || total
---------------------------+-------+-------+-------+-------++-------
  Melee: Unarmed           |    67 |   130 |   269 |    75 ||   541
         Kick              |     9 |    37 |    71 |    26 ||   143
         Punch             |     2 |       |    13 |       ||    15
  Throw: Dart              |     2 |    15 |     2 |       ||    19
   Cast: Blink             |       |       |       |     1 ||     1
 Invoke: Lesser Servant of |       |       |    11 |     9 ||    20
         Minor Destruction |       |       |    35 |    13 ||    48
         Major Destruction |       |       |     1 |       ||     1
Ability: Begin Untransform |       |       |       |     1 ||     1
  Evoke: Wand              |       |       |       |     1 ||     1
    Use: Scroll            |       |       |    11 |     4 ||    15
         Potion            |       |       |     6 |     4 ||    10
   Stab: Sleeping          |     1 |       |       |       ||     1
 Armour: Animal skin       |    27 |     9 |       |       ||    36
         Chain mail        |       |    75 |    64 |       ||   139
         Acid dragon scale |       |       |    70 |    12 ||    82
         Skin              |       |       |       |    57 ||    57
  Dodge: Dodged            |    27 |    39 |    89 |    67 ||   222
   Form: Flux              |       |       |       |     1 ||     1
